 Dungeon Crawl Stone Soup version 0.28.0-1-gb440e238dd (webtiles) character file.

Game seed: 3074483866674613002

133144 a3don the Protected (level 17, -4/109 HPs)
             Began as a Gargoyle Fighter on Feb 20, 2022.
             Was the Champion of Makhleb.
             Slain by an alligator (34 damage)
             ... called by a spriggan druid
             ... on level 3 of the Swamp on Feb 21, 2022.
             The game lasted 01:59:38 (35550 turns).

a3don the Protected (Gargoyle Fighter)             Turns: 35550, Time: 01:59:39

Health: -4/109     AC: 39    Str: 28    XL:     17   Next: 14%
Magic:  11/27      EV:  9    Int: 25    God:    Makhleb [******]
Gold:   662        SH: 11    Dex:  9    Spells: 10/29 levels left

rFire   + . .      SeeInvis +   a - +7 morningstar (vorpal)
rCold   . . .      Faith    .   O - +0 kite shield
rNeg    + . .      Spirit   .   V - +6 scale mail "Lubui" {rF+ Int+8}
rPois   ∞          Reflect  .   h - +2 helmet
rElec   +          Harm     .   M - +2 cloak "Segoaler" {Will+ Int+2}
rCorr   +          Rampage  .   c - +1 pair of gloves
Will    ++++.                   E - +0 pair of boots "Xidagg" {Will+}
Stlth   ..........              N - amulet "Raluohusm" {Will+ Regen+ rCorr SInv}
HPRegen 1.08/turn               Z - +6 ring of strength
MPRegen 0.20/turn               J - ring of wizardry

@: flying
A: sickness immunity, AC +12, big wings, negative energy resistance 1,
electricity resistance, torment resistance 1, petrification resistance
a: Renounce Religion, Minor Destruction, Lesser Servant of Makhleb, Major
Destruction, Greater Servant of Makhleb


You were on level 3 of the Swamp.
You worshipped Makhleb.
Makhleb was exalted by your worship.
You visited 6 branches of the dungeon, and saw 28 of its levels.

You collected 2501 gold pieces.
You spent 1839 gold pieces at shops.

Inventory:

Hand Weapons
 a - a +7 vorpal morningstar (weapon)
 b - a +0 hunting sling of flaming
 j - a +1 hand axe of venom
 D - a +2 demon blade of electrocution
 S - a +0 flail of holy wrath
Missiles
 i - 11 curare-tipped darts
 m - 17 javelins
 n - 233 sling bullets
 o - 21 boomerangs (quivered)
 r - 33 poisoned darts
 T - 6 atropa-tipped darts
Armour
 c - a +1 pair of gloves (worn)
 h - a +2 helmet (worn)
 E - the +0 pair of boots "Xidagg" (worn) {Will+}
   (You found it on level 9 of the Dungeon)

   Will:      It increases your willpower.
 M - the +2 cloak "Segoaler" (worn) {Will+ Int+2}
   (You found it on level 1 of the Spider Nest)

   Int:       It affects your intelligence (+2).
   Will:      It increases your willpower.
 O - a +0 kite shield (worn)
 V - the +6 scale mail "Lubui" (worn) {rF+ Int+8}
   (You bought it in a shop on level 2 of the Orcish Mines)

   Int:       It affects your intelligence (+8).
   rF:        It protects you from fire.
Magical Staves
 Y - a staff of cold
Jewellery
 u - an amulet of reflection
 v - a +4 ring of protection
 J - a ring of wizardry (right hand)
 N - the amulet "Raluohusm" (around neck) {Will+ Regen+ rCorr SInv}
   (You acquired it on level 11 of the Dungeon)

   [amulet of regeneration]

   SInv:      It lets you see invisible.
   Regen:     It increases your rate of health regeneration.
   rCorr:     It protects you from acid and corrosion.
   Will:      It increases your willpower.
 Z - a +6 ring of strength (left hand)
Wands
 d - a wand of flame (9)
 e - a wand of acid (3)
 k - a wand of iceblast (11)
 p - a wand of charming (6)
 A - a wand of mindburst (33)
 F - a wand of paralysis (6)
 P - a wand of polymorph (19)
 X - a wand of digging (8)
Scrolls
 g - a scroll of brand weapon
 l - 2 scrolls of magic mapping
 s - 2 scrolls of blinking
 y - a scroll of fear
 B - 6 scrolls of teleportation
 H - 3 scrolls of holy word
 K - 2 scrolls of summoning
 L - 3 scrolls of immolation
 U - 4 scrolls of silence
 W - a scroll of fog
Potions
 f - 7 potions of lignification
 q - a potion of haste
 t - a potion of cancellation
 w - 10 potions of curing
 x - 4 potions of attraction
 z - 2 potions of resistance
 G - 2 potions of invisibility
 I - a potion of heal wounds
 Q - a potion of ambrosia
 R - a potion of berserk rage {unknown}
Miscellaneous
 C - a phantom mirror


   Skills:
 + Level 13.4 Fighting
 + Level 12.1 Maces & Flails
 + Level 13.5 Armour
 + Level 13.4 Shields
 + Level 6.8 Spellcasting
 + Level 8.2 Conjurations
 + Level 2.3 Translocations
 + Level 7.4 Ice Magic
 + Level 6.2 Air Magic
 + Level 7.8 Poison Magic
 + Level 11.5 Invocations


You had 10 spell levels left.
You knew the following spells:

 Your Spells              Type           Power      Damage    Failure   Level
a - Scorch                Fire           16%        2d5       14%         2
b - Frozen Ramparts       Ice            90%        1d11      1%          3
c - Mephitic Cloud        Conj/Pois/Air  45%        N/A       1%          3
d - Poisonous Vapours     Pois/Air       86%        N/A       1%          2
e - Swiftness             Air            39%        N/A       2%          3
f - Olgreb's Toxic Radia  Pois           47%        N/A       4%          4
g - Blink                 Tloc           40%        N/A       6%          2

Your spell library contained the following spells:

 Spells                   Type           Power      Damage    Failure   Level
 Freeze                   Ice            100%       1d11      1%          1
 Sting                    Tmut/Pois      100%       1d8       1%          1
 Ensorcelled Hibernation  Hex/Ice        54%        N/A       3%          2
 Hailstorm                Conj/Ice       47%        3d11      4%          4
 Slow                     Hex            32%        N/A       10%         1
 Summon Small Mammal      Summ           32%        N/A       10%         1
 Ignite Poison            Fire/Tmut/Pois 21%        N/A       10%         3
 Lesser Beckoning         Tloc           20%        N/A       11%         3
 Freezing Cloud           Conj/Ice/Air   22%        6-21      13%         5
 Passwall                 Tmut/Erth      6%         N/A       14%         2
 Flame Wave               Conj/Fire      29%        2d8       17%         4
 Call Canine Familiar     Summ           8%         N/A       26%         3
 Confusing Touch          Hex            8%         N/A       26%         3
 Summon Guardian Golem    Hex/Summ       8%         N/A       26%         3
 Vampiric Draining        Necr           8%         2d6       26%         3
 Passage of Golubria      Tloc           20%        N/A       32%         4
 Silence                  Hex/Air        12%        N/A       56%         5
 Animate Armour           Summ/Erth      16%        N/A       65%         4
 Leda's Liquefaction      Hex/Erth       4%         N/A       65%         4
 Summon Forest            Summ/Tloc      7%         N/A       82%         5
 Blade Hands              Tmut           4%         N/A       92%         5
 Lee's Rapid Deconstruct  Erth           4%         3d6*      92%         5
 Iron Shot                Conj/Erth      14%        9d4       92%         6
 Simulacrum               Ice/Necr       13%        N/A       95%         6
 Dispersal                Tloc           10%        N/A       99%         6
 Summon Cactus Giant      Summ           4%         N/A       100%        6
 Lehudib's Crystal Spear  Conj/Erth      14%        10d5      100%        8
 Polar Vortex             Ice            22%        N/A       100%        9
 Statue Form              Tmut/Erth      Unusable   N/A       N/A         6

Dungeon Overview and Level Annotations

Branches:
Dungeon (13/15)            Temple (1/1) D:7            Lair (6/6) D:11
  Swamp (3/4) Lair:4       Spider (3/4) Lair:3        Slime (0/5) Lair:5
    Orc (2/2) D:9             Elf (0/3) Orc:2        Vaults (0/5) D:13

Altars:
Ashenzari
Cheibriados
Dithmenos
Elyvilon
Fedhas
Gozag
Hepliaklqana
Kikubaaqudgha
Makhleb
Nemelex Xobeh
Okawaru
Qazlal
Ru
Sif Muna
Trog
Uskayaw
Vehumet
Wu Jian
Xom
Yredelemnul
Zin
The Shining One
Jiyva

Shops:
D:6 [=((   D:9 (   Orc:2 ?(*?

Annotations:
D:3 3 runed translucent doors, Esekla's ghost, amateur DjCK; spaghetti's ghost, weakling DDAr
D:8 2 transporters, spaghetti's ghost, novice DsFi
Lair:6 exclusion: upstairs
Swamp:1 Roxanne


Innate Abilities, Weirdness & Mutations

You are immune to sickness and miasma.
Your stone body is resilient. (AC +12)
You are immune to poison.
Your large and strong wings let you fly.
You resist negative energy. (rN+)
You are resistant to electric shocks. (rElec)
You are resistant to unholy torment.
You are immune to petrification.


Message History

The spriggan druid is engulfed in noxious fumes.
The alligator puts on a burst of speed!
With its final breath, the spriggan druid offers up its power to the beasts of the wild!
The alligator is healed.
The five-headed hydra is healed.
The swamp dragon seems to grow more fierce.
The alligator seems to grow more fierce.
The swamp worm seems to grow more fierce.
The five-headed hydra seems to grow more fierce.
You kill the spriggan druid!
Makhleb accepts your kill.
You feel better.
You hear a splash. x2
The alligator closely misses you.
The alligator tail-slaps you but does no damage.
The five-headed hydra bites you!! The five-headed hydra bites you!
You block the five-headed hydra's attack. x2
The five-headed hydra bites you but does no damage.
The spriggan druid is engulfed in noxious fumes.
The alligator bites you but does no damage.
The alligator tail-slaps you but does no damage.
The swamp worm bites you but does no damage.
The swamp worm bites you but does no damage.
The alligator bites you.
The alligator tail-slaps you but does no damage.
You block the swamp worm's attack.
The spriggan druid is engulfed in poison gas.
The spriggan druid looks even sicker.
The spriggan druid casts a spell.
The forest starts to sway and rumble!
You are waved at by a branch.
The alligator bites you!!
The alligator tail-slaps you but does no damage.
You are hit by a branch!
The swamp worm fires a harpoon shot at you.
The harpoon shot hits you!
* * * LOW HITPOINT WARNING * * *
You are yanked forward by the harpoon shot.
The spriggan druid drinks a potion.
The spriggan druid is healed!
The spriggan druid looks more healthy.
You block the swamp worm's attack. The alligator bites you!!
You die...

≈≈≈..≈..§≈≈≈≈..≈≈..♣
≈≈§ .§≈.≈≈≈○≈≈.....♣♣≈
≈}.. ♣♣≈.x≈)≈.♣...>..≈
≈≈≈≈≈♣..≈≈≈≈≈≈≈≈≈≈≈≈≈≈
≈≈≈≈♣.≈....≈≈i≈≈≈≈≈≈≈.
≈.≈..≈)†)♣≈..D≈≈≈≈≈≈..
≈≈♣.≈..≈♣♣♣♣♣D.≈...>.♣
≈≈...≈.♣♣ ♣Dw≈♣♣≈♣...
≈§....♣ ♣♣♣@t.♣ ♣
≈≈...≈ ♣♣♣≈♣≈[♣♣
≈≈≈..♣§♣.≈≈)<♣♣ ≈≈≈.♣
♣≈.≈≈≈≈♣ ≈≈≈≈ ♣♣.≈≈..♣
♣♣.≈.♣♣ ♣.≈≈♣ ♣♣.♣♣ ♣♣


You could see an alligator (strong, swift, poisoned), an eight-headed hydra, a
five-headed hydra (strong), a swamp dragon (strong), a spriggan druid and a
swamp worm (strong).

Vanquished Creatures
  Jorgrun (Swamp:3)
  A tentacled monstrosity (Swamp:3)
  Kirke (Spider:2)
  A fenstrider witch (Swamp:1)
  Aizul (Swamp:3)
  A ghost moth (Spider:2)
  An eleionoma (Swamp:3)
  Nessos (Orc:1)
  A spark wasp (Spider:1)
  A fire dragon (Lair:6)
  13 hydras
  4 radroaches
  5 boulder beetles
  A catoblepas (Lair:5)
  2 dancing weapons (D:13)
  4 alligators
  11 death yaks
  3 two-headed ogres
  2 ghost crabs (Swamp:2)
  2 tengu warriors (D:12)
  An orc high priest (Orc:2)
  3 goliath frogs (Swamp:1)
  4 pharaoh ants (Spider:1)
  4 steelbarb worms
  A sun moth (Spider:2)
  4 spriggan druids
  4 swamp dragons
  5 orb spiders
  A bog body (Swamp:3)
  An orc knight (Orc:1)
  3 deep elf pyromancers
  3 ugly things
  4 orc sorcerers (Orc:2)
  2 cyclopes (D:12)
  9 wolf spiders
  A manticore (D:13)
  A will-o-the-wisp (Swamp:2)
  5 black mambas
  A moth of wrath (Spider:1)
  32 elephants
  3 rime drakes
  4 demonic crawlers (Spider:2)
  3 torpor snails
  2 unseen horrors
  12 komodo dragons
  4 cane toads
  Maggie (D:8)
  2 kobold demonologists
  4 trolls
  6 meliai
  12 polar bears
  9 hornets
  3 raiju (Lair:6)
  13 tarantellas
  11 blink frogs
  4 tyrant leeches
  7 dream sheep (Lair:4)
  14 jumping spiders
  Sigmund (D:4)
  9 culicivoras
  2 wraiths
  7 spriggans
  4 wyverns
  63 yaks
  A vampire (D:11)
  A human (Spider:2)
  4 vampire mosquitoes
  2 hogs (Spider:2)
  4 steam dragons
  28 redbacks
  9 basilisks
  6 wargs
  10 swamp worms
  20 water moccasins
  2 acid dragons
  14 hell hounds (Lair:6)
  3 swamp drakes
  13 black bears
  3 necrophages
  An ice beast (D:7)
  17 orc warriors
  7 ogres
  9 centaurs
  16 wolves
  A centaur (shapeshifter) (D:13)
  A kobold brigand (D:9)
  5 bullfrogs
  3 gnoll sergeants
  A wyvern zombie (D:6)
  A scorpion (D:5)
  A water moccasin zombie (D:5)
  2 howler monkeys (D:9)
  5 wights
  2 electric eels (Lair:3)
  2 bullfrog zombies (D:6)
  A hound (D:7)
  2 jellies
  A bullfrog skeleton (D:6)
  22 orc priests
  3 gnoll shamans
  8 iguanas
  36 orc wizards
  A hound skeleton (D:5)
  3 howler monkey zombies
  A howler monkey skeleton (D:7)
  8 adders
  26 gnolls
  A white imp (D:6)
  2 worms
  2 dart slugs
  94 orcs
  4 bats
  6 endoplasms
  7 giant cockroaches
  8 hobgoblins
  A quokka (D:2)
  6 ball pythons
  2 frilled lizards (D:2)
  8 goblins
  15 kobolds
  9 rats
  A spectral kobold (D:1)
818 creatures vanquished.

Vanquished Creatures (collateral kills)
  An eleionoma (Swamp:2)
  A hydra (Swamp:1)
  A komodo dragon (Lair:5)
  A hog (Spider:2)
  2 spriggans (Swamp:2)
  A swamp worm (Swamp:1)
  5 orc warriors (Orc:2)
  3 orc priests (Orc:2)
  8 orc wizards (Orc:2)
  4 orcs (Orc:2)
27 creatures vanquished.

Vanquished Creatures (others)
  A spark wasp (Spider:3)
  A will-o-the-wisp (Swamp:2)
  2 bloated husks
  A human (Spider:2)
  An orc wizard (D:8)
  8 foxfires (Swamp:2)
  34 fungi
  90 plants
  6 withered plants (D:3)
144 creatures vanquished.

Grand Total: 989 creatures vanquished

Notes
Turn   | Place    | Note
-------+----------+-------------------------------------------
     0 | D:1      | a3don the Gargoyle Fighter began the quest for the Orb.
     0 | D:1      | Reached XP level 1. HP: 14/14 MP: 1/1
   228 | D:1      | Found a faded altar of an unknown god.
   356 | D:1      | Reached XP level 2. HP: 13/19 MP: 2/2
  1338 | D:2      | Reached XP level 3. HP: 19/23 MP: 3/3
  1957 | D:2      | Reached XP level 4. HP: 27/29 MP: 4/4
  2717 | D:3      | Found a runed translucent gate.
  2717 | D:3      | Found a runed translucent gate.
  2717 | D:3      | Found a runed translucent gate.
  2719 | D:3      | Noticed spaghetti's ghost (weakling DDAr)
  2720 | D:3      | Noticed Esekla's ghost (amateur DjCK)
  3078 | D:3      | Found a bloodstained altar of Trog.
  3552 | D:3      | Found a blossoming altar of Fedhas.
  3902 | D:3      | Reached XP level 5. HP: 20/33 MP: 5/5
  4299 | D:4      | Noticed a necrophage
  4315 | D:4      | Killed a necrophage
  4316 | D:4      | Reached XP level 6. HP: 33/39 MP: 6/6
  4973 | D:4      | Noticed Sigmund
  4985 | D:4      | Killed Sigmund
  4986 | D:4      | Reached skill level 5 in Fighting
  4986 | D:4      | Reached skill level 5 in Armour
  4986 | D:4      | Reached skill level 5 in Shields
  4986 | D:4      | Reached XP level 7. HP: 22/44 MP: 7/7
  6062 | D:4      | Found a white marble altar of Elyvilon.
  6150 | D:4      | Found a basalt altar of Yredelemnul.
  6198 | D:4      | Identified the +0 ring mail of Hepliaklqana's Wrath {rElec
                  | rC+ Will-}
  6329 | D:5      | Entered Level 5 of the Dungeon
  7410 | D:5      | Found a shimmering blue altar of Sif Muna.
  7435 | D:5      | You fall into a shaft and drop 1 floor!
  7473 | D:6      | Reached XP level 8. HP: 43/51 MP: 8/8
  7636 | D:6      | Found Dur Wedd's Armour Emporium.
  7698 | D:6      | Reached skill level 5 in Maces & Flails
  8573 | D:5      | Reached XP level 9. HP: 48/56 MP: 9/9
  9593 | D:5      | Found a glowing silver altar of Zin.
  9687 | D:6      | Found Ighyo's Weapon Boutique.
  9753 | D:6      | Found Daimeewa's Jewellery Emporium.
  9807 | D:6      | Found Pual Cid's Antique Weapon Shoppe.
 11050 | D:7      | Reached XP level 10. HP: 25/64 MP: 10/10
 11277 | D:7      | Found a staircase to the Ecumenical Temple.
 11337 | Temple   | Entered the Ecumenical Temple
 11408 | Temple   | Became a worshipper of Makhleb the Destroyer
 11797 | D:8      | Found a transporter.
 11800 | D:8      | Noticed a skeletal warrior
 11807 | D:8      | Noticed spaghetti's ghost (novice DsFi)
 11817 | D:8      | Found a transporter.
 12140 | D:8      | Noticed Maggie
 12176 | D:8      | Killed Maggie
 13207 | D:9      | Noticed a kobold demonologist
 13218 | D:9      | Killed a kobold demonologist
 13577 | D:9      | Noticed a two-headed ogre
 13690 | D:9      | Killed a two-headed ogre
 13690 | D:9      | Reached * piety under Makhleb
 13867 | D:9      | Reached XP level 11. HP: 51/71 MP: 11/11
 14256 | D:8      | Learned a level 2 spell: Scorch
 14325 | D:6      | Bought an amulet of reflection for 420 gold pieces
 14514 | D:9      | Reached skill level 1 in Invocations
 14525 | D:9      | Found a stormy altar of Qazlal.
 14567 | D:9      | Found a broken altar of Ashenzari.
 14680 | D:9      | Identified the +0 pair of boots "Xidagg" {Will+}
 14730 | D:9      | Found Xamy's Weapon Boutique.
 14747 | D:9      | Reached ** piety under Makhleb
 14796 | D:9      | Found a staircase to the Orcish Mines.
 14893 | D:9      | Reached skill level 10 in Fighting
 14893 | D:9      | Reached skill level 10 in Armour
 14893 | D:9      | Reached skill level 10 in Shields
 15313 | D:10     | Entered Level 10 of the Dungeon
 16383 | D:10     | Found a shadowy altar of Dithmenos.
 16417 | D:11     | Noticed a green ugly thing
 16431 | D:11     | Killed a green ugly thing
 16569 | D:11     | Found a staircase to the Lair.
 16664 | D:11     | Identified a scroll of acquirement
 16665 | D:11     | Acquired the amulet "Raluohusm" {Will+ Regen+ rCorr SInv}
 16753 | D:11     | Noticed a boulder beetle
 16781 | D:11     | Killed a boulder beetle
 17354 | D:12     | Noticed a six-headed hydra
 17364 | D:12     | Killed a six-headed hydra
 17365 | D:12     | Reached skill level 5 in Invocations
 17649 | D:12     | Noticed a two-headed ogre
 17728 | Lair:1   | Entered Level 1 of the Lair of Beasts
 17779 | Lair:1   | Reached XP level 12. HP: 79/79 MP: 16/16
 18102 | Lair:1   | Reached *** piety under Makhleb
 18113 | Lair:1   | Learned a level 3 spell: Frozen Ramparts
 18117 | Lair:1   | Learned a level 3 spell: Mephitic Cloud
 18306 | Lair:1   | Reached skill level 1 in Conjurations
 18306 | Lair:1   | Reached skill level 1 in Poison Magic
 18773 | Lair:2   | Reached skill level 1 in Air Magic
 18780 | Lair:2   | Reached skill level 1 in Spellcasting
 18780 | Lair:2   | Reached skill level 1 in Ice Magic
 19374 | Lair:3   | Found a hole to the Spider Nest.
 19612 | Lair:3   | You fall into a shaft and drop 3 floors!
 19612 | Lair:6   | Entered Level 6 of the Lair of Beasts
 19704 | Lair:5   | Noticed a death yak
 19704 | Lair:5   | Noticed a death yak
 19704 | Lair:5   | Noticed a death yak
 19875 | Lair:5   | Reached **** piety under Makhleb
 19892 | Lair:5   | Reached XP level 13. HP: 59/84 MP: 18/18
 19965 | Lair:5   | Reached skill level 10 in Maces & Flails
 20116 | Lair:5   | Found a viscous altar of Jiyva.
 20117 | Lair:5   | Found a staircase to the Slime Pits.
 21540 | Lair:4   | Gained mutation: Your large and strong wings let you fly.
                  | [Gargoyle growth]
 21540 | Lair:4   | Reached XP level 14. HP: 89/91 MP: 20/20
 22145 | Lair:2   | Reached ***** piety under Makhleb
 22197 | Lair:3   | Reached skill level 5 in Conjurations
 23237 | Lair:4   | Found a staircase to the Swamp.
 24104 | Lair:6   | Reached skill level 5 in Poison Magic
 25040 | Lair:6   | Reached skill level 5 in Ice Magic
 25114 | Lair:6   | Reached skill level 10 in Invocations
 25532 | Lair:6   | Reached XP level 15. HP: 96/96 MP: 22/22
 25753 | Lair:6   | Reached ****** piety under Makhleb
 26026 | Orc:1    | Entered Level 1 of the Orcish Mines
 26240 | Orc:1    | Found a frozen archway.
 26304 | Orc:1    | Reached skill level 5 in Spellcasting
 26460 | Orc:2    | Entered Level 2 of the Orcish Mines
 26461 | Orc:2    | Found a staircase to the Elven Halls.
 26695 | Orc:2    | Noticed Nessos
 26705 | Orc:1    | Killed Nessos
 26917 | Orc:2    | Found Xiefeb's Magic Scroll Shop.
 26917 | Orc:2    | Found Ruir's General Store.
 26920 | Orc:2    | Found Jeochum's Magic Scroll Boutique.
 26924 | Orc:2    | Found Jishuv's Antique Weapon Shop.
 26979 | Orc:2    | Bought a scroll of enchant armour for 97 gold pieces
 26979 | Orc:2    | Bought a scroll of brand weapon for 260 gold pieces
 26981 | Orc:2    | Bought a scroll of teleportation for 45 gold pieces
 26981 | Orc:2    | Bought a scroll of teleportation for 45 gold pieces
 27733 | D:12     | Identified the +1 robe of Haunted Salvation {SInv}
 27844 | D:12     | Reached skill level 5 in Air Magic
 29230 | D:13     | Found a gate to the Vaults.
 29536 | Spider:1 | Entered Level 1 of the Spider Nest
 29943 | Spider:1 | Identified the +2 cloak "Segoaler" {Will+ Int+2}
 30391 | Spider:1 | Learned a level 2 spell: Poisonous Vapours
 30395 | Spider:1 | Learned a level 3 spell: Swiftness
 30659 | Spider:1 | Reached XP level 16. HP: 91/103 MP: 18/24
 31238 | Spider:2 | Noticed Kirke
 31249 | Spider:2 | Killed Kirke
 31567 | Spider:2 | Got the Compendium of the Venomous Traveller
 31794 | Spider:2 | HP: 3/104 [disintegration (53)]
 32360 | Spider:2 | Identified the +2 robe of the Vestibule of Hell {rC- rCorr
                  | Str+4 Archmagi}
 32705 | Orc:2    | Bought the +6 scale mail "Lubui" {rF+ Int+8} for 972 gold
                  | pieces
 32721 | Orc:2    | Learned a level 4 spell: Olgreb's Toxic Radiance
 32724 | Orc:2    | Learned a level 2 spell: Blink
 33574 | Swamp:1  | Entered Level 1 of the Swamp
 33648 | Swamp:1  | Reached skill level 1 in Translocations
 34012 | Swamp:1  | Identified Roxanne's Almanac of the Mountains
 34012 | Swamp:1  | Noticed Roxanne
 34022 | Swamp:1  | Noticed a fenstrider witch
 34033 | Swamp:1  | Killed a fenstrider witch
 35210 | Swamp:3  | Noticed Jorgrun
 35229 | Swamp:3  | Killed Jorgrun
 35230 | Swamp:3  | Reached XP level 17. HP: 109/109 MP: 7/27
 35337 | Swamp:3  | Noticed a tentacled monstrosity
 35348 | Swamp:3  | Noticed Aizul
 35354 | Swamp:3  | Killed a tentacled monstrosity
 35370 | Swamp:3  | Killed Aizul
 35550 | Swamp:3  | Slain by an alligator

Illustrated notes

Levels and vault maps discovered:
D:1:      minmay_arrival_arboretum_small, layout_rooms,
          dreamdust_ecumenical_altar_drowned_temple
D:2:      minmay_alternating_diamond, layout_basic
D:3:      layout_basic, fedhas_altar_4, trog_three_pillars_becter,
          gammafunk_ghost_cemetery
D:4:      layout_basic, kennysheep_ying_yang, uniq_sigmund
D:5:      kb_forest_paths, layout_basic, mainiacjoe_overflow_catwalk,
          mainiacjoe_overflow_concentric_impassable, portal_sewer_entry_b
D:6:      layout_basic, serial_shops, shop_fountains,
          nicolae_shop_bloodbath_and_beyond, nicolae_shop_behind_doors,
          nicolae_shop_behind_doors
D:7:      layout_cave_pools, minmay_temple_entry_ruins
D:8:      layout_gridville, nzn_ghost_randoct, uniq_maggie
D:9:      layout_cave_pools, nicolae_qazlal_style_of_elements,
          lemuel_doored_altar, hiddenorc2_lemuel, serial_shops, shop,
          grunt_ministairs_11
D:10:     layout_loops_ring, general_overflow_altar
D:11:     layout_basic, lair_entry_dummy
D:12:     layout_layer_cave
D:13:     layout_gridville, erik_vaults_1
Temple:   nicolae_temple_god_jail
Lair:1:   layout_regular_city, chequers_serial_rivers_micro_b, st_stairs_3,
          grunt_forest_small_clearings, chequers_serial_rivers_small_a
Lair:2:   layout_misc_corridors
Lair:3:   layout_regular_city, dummy_spider_entry, serial_bayou,
          serial_bayou_pond_a, serial_bayou_pond_b, serial_bayou_lagoon_b,
          serial_bayou_lagoon_a
Lair:4:   layout_cellular_growth, palyth_hydra_swamp_entry
Lair:5:   layout_gridlike, dpeg_slime_entry_enclosed_altar,
          kennysheep_basilisk_garden
Lair:6:   guppyfry_lair_end_dragon, layout_long_grid,
          hangedman_lair_caniforms_friends
Swamp:1:  layout_falls_marsh, evilmike_swamp_ruin_house_3,
          infiniplex_staircase_pool_2, uniq_roxanne
Swamp:2:  layout_basic_swamp, nicolae_swamp_fairy_circle, swamp_pool1
Swamp:3:  layout_basic_swamp, lemuel_altar_in_water, uniq_jorgrun, uniq_donald,
          uniq_aizul
Spider:1: layout_spider_delve
Spider:2: layout_spider_delve, hellmonk_test_site,
          hangedman_spider_tarantella_strand, uniq_kirke
Spider:3: layout_spider_delve, uniq_azrael
Orc:1:    layout_caves, portal_ice_cave_entry_pillars_2
Orc:2:    st_orc_mages, layout_caves, uniq_nessos

Skill      XL: |  1  2  3  4  5  6  7  8  9 10 11 12 13 14 15 16 |
---------------+-------------------------------------------------+-----
Fighting       | 4 5 6 8 9 10 11 12 13 | 13.4
Armour         | 4 5 6 8 9 10 11 12 13 | 13.5
Shields        | 4 5 6 8 9 10 11 12 13 | 13.4
Maces & Flails | 3 4 5 7 8 9 10 11 12 | 12.1
Invocations    | 5 7 9 10 11 | 11.5
Conjurations   | 2 4 5 7 8 |  8.2
Poison Magic   | 2 4 5 6 7 |  7.8
Air Magic      | 2 3 4 5 6 |  6.2
Spellcasting   | 2 3 4 5 6 |  6.8
Ice Magic      | 2 3 5 6 7 |  7.4
Translocations | 2 |  2.3

Action                   |  1- 3 |  4- 6 |  7- 9 | 10-12 | 13-15 | 16-18 || total
-------------------------+-------+-------+-------+-------+-------+-------++-------
Melee: Flail             |   150 |   160 |   380 |       |       |       ||   690
       Hand axe          |       |       |   107 |    95 |    11 |       ||   213
       Morningstar       |       |       |       |   681 |  1373 |   486 ||  2540
 Fire: Hunting sling     |     3 |       |       |       |       |    11 ||    14
Throw: Dart              |       |       |     7 |       |       |       ||     7
       Boomerang         |       |       |     6 |    13 |    14 |    21 ||    54
 Cast: Poisonous Vapours |       |       |       |       |     3 |    74 ||    77
       Olgreb's Toxic Ra |       |       |       |       |       |    19 ||    19
       Mephitic Cloud    |       |       |       |       |       |     8 ||     8
       Scorch            |       |       |       |       |       |     1 ||     1
Invok: Lesser Servant of |       |       |       |       |    11 |    10 ||    21
       Major Destruction |       |       |       |       |     3 |     4 ||     7
       Minor Destruction |       |       |       |       |       |     4 ||     4
Evoke: Wand              |       |       |       |     7 |     4 |       ||    11
  Use: Scroll            |       |     4 |     3 |    19 |    15 |     4 ||    45
       Potion            |       |     1 |     3 |     3 |     2 |     1 ||    10
 Stab: Distracted        |       |       |       |       |     1 |     1 ||     2
       Confused          |       |       |       |       |       |     2 ||     2
       Fleeing           |       |       |       |       |       |     1 ||     1
Armor: Scale mail        |    75 |    91 |     1 |       |       |   381 ||   548
       Chain mail        |       |       |   244 |   128 |       |       ||   372
       Plate armour      |       |       |       |   391 |  1342 |   239 ||  1972
Dodge: Dodged            |    83 |    73 |   184 |   192 |   471 |   246 ||  1249
Block: Buckler           |    34 |    22 |   120 |   178 |       |       ||   354
       Kite shield       |       |       |       |   298 |  1056 |   386 ||  1740
       Reflection        |       |       |       |    11 |     6 |       ||    17
